Map: Eastwatch LE

Players

Yuki

  • Race: Protoss Protoss
  • Spawn Location: 1:00

오즈의맙소사 - Winner!

  • Race: Zerg Zerg
  • League: Bronze
  • Spawn Location: 7:00

VOD

Have the link to the VOD?

Description

Time

  • Played on: Feb. 18, 2018, 8:43 a.m.
  • Length: 9:38
Show
View Real Time Build Order
Export as new Build Order

Yuki Protoss 

Build Orders:  

Get SALT Encoding   

  12  0:01  Probe  
  13  0:21  Pylon  
  13  0:23  Probe  
  14  0:35  Probe  
  15  0:47  Probe  
  15  0:48  Gateway  
  16  0:58  Assimilator  
  16  1:01  Probe  
  17  1:21  Pylon  
  17  1:45  Cybernetics Core  
  17  2:00  Probe  
  18  2:12  Probe  
  19  2:16  Zealot (Chrono Boost)  
  20  3:10  Nexus  
  20  3:27  Warp Gate  
  20  3:29  Probe  
  21  3:45  Gateway  
  21  4:00  Robotics Facility  
  21  4:04  Pylon  
  21  4:12  Assimilator  
  21  4:25  Probe  
  22  4:36  Probe  
  22  4:37  Probe  
  24  4:48  Probe  
  24  4:49  Probe  
  26  4:55  Robotics Bay  
  26  5:00  Probe  
  26  5:01  Probe  
  28  5:12  Probe  
  28  5:13  Probe  
  30  5:22  Pylon  
  30  5:24  Probe  
  31  5:29  Observer  
  32  5:37  Probe  
  32  5:41  Probe  
  34  5:48  Assimilator  
  34  5:49  Probe  
  35  5:50  Assimilator  
  35  5:53  Probe  
  36  6:01  Probe  
  37  6:05  Probe  
  37  6:07  Robotics Facility  
  38  6:13  Probe  
  38  6:17  Probe  
  40  6:44  Gateway  
  40  6:46  Gateway  
  40  7:01  Stalker x2  
  44  7:51  Twilight Council  
  44  7:57  Pylon  
  44  8:07  Pylon  
  44  8:21  Pylon  
  44  8:33  Forge  
  40  8:35  Forge  
  40  8:45  Stalker  
  40  8:46  Stalker x2  
  40  8:47  Stalker  
  24  9:11  Sentry x2  
  24  9:12  Sentry x2  
Show
View Real Time Build Order
Export as new Build Order

오즈의맙소사 Zerg - Winner!

Build Orders: Hatch First 

Get SALT Encoding   

  12  0:01  Drone  
  13  0:08  Drone  
  14  0:19  Overlord  
  14  0:42  Hatchery  
  13  0:45  Drone  
  14  0:54  Drone x2  
  16  0:57  Extractor  
  15  1:14  Spawning Pool  
  15  1:16  Drone  
  15  1:20  Drone  
  16  1:27  Drone  
  17  1:34  Overlord  
  17  1:40  Drone  
  18  1:54  Drone  
  18  2:00  Queen  
  21  2:05  Queen  
  23  2:09  Drone  
  23  2:12  Zergling x2  
  25  2:17  Extractor  
  25  2:20  Metabolic Boost  
  24  2:34  Roach Warren  
  24  2:35  Drone  
  24  2:38  Drone  
  25  2:47  Zergling x4  
  25  2:49  Zergling x2  
  28  2:58  Lair  
  28  3:05  Evolution Chamber  
  27  3:11  Drone, Evolution Chamber  
  27  3:25  Zergling x8  
  31  3:33  Drone, Zergling x2  
  33  3:41  Drone  
  33  3:43  Drone  
  35  3:51  Overlord  
  35  3:57  Zerg Missile Weapons Level 1  
  35  4:07  Zerg Ground Armor Level 1  
  35  4:10  Drone  
  35  4:14  Drone  
  37  4:19  Drone  
  37  4:20  Drone  
  39  4:30  Infestation Pit  
  38  4:33  Glial Reconstitution  
  38  4:39  Roach  
  40  4:50  Drone x3  
  43  4:55  Overlord  
  43  4:59  Overlord  
  43  5:08  Hydralisk Den  
  43  5:13  Extractor  
  41  5:14  Drone x2  
  41  5:15  Extractor  
  42  5:24  Hive  
  42  5:46  Hatchery  
  42  5:47  Roach  
  42  5:48  Roach  
  45  6:01  Zerg Missile Weapons Level 2  
  45  6:10  Drone x2  
  45  6:11  Drone x3  
  50  6:13  Drone  
  51  6:23  Roach  
  51  6:25  Roach  
  55  6:44  Drone x4  
  59  6:49  Grooved Spines  
  59  6:54  Overlord  
  59  6:57  Overlord  
  59  7:08  Zerg Ground Armor Level 2  
  59  7:12  Drone x2  
  61  7:16  Drone  
  61  7:22  Drone x2  
  64  7:26  Overseer  
  64  7:32  Hydralisk  
  64  7:33  Hydralisk  
  64  7:36  Hydralisk  
  70  7:41  Drone x2  
  70  7:43  Drone  
  73  8:00  Muscular Augments  
  73  8:09  Roach x4  
  73  8:12  Overlord x3  
Tags
 
League
Bronze
Matchup
PvZ
Spawn Locations
Cross Positions
Add a new tag
Caveats
  • Supply blocks, unpowered buildings, or Contaminate may cause inaccurate times.
  • Supply counts are checked every 10 seconds.